 Dungeon Crawl Stone Soup version 0.31-a0-968-g24f9ace8b5 (webtiles) character file.

Game seed: 10591767199375097978

58 Mgcat the Poker (level 4, 0/54 HPs)
             Began as a Hill Orc Wanderer on Oct 26, 2023.
             Succumbed to an adder's poison
             ... on level 2 of the Dungeon on Oct 27, 2023.
             The game lasted 00:04:37 (1343 turns).

Mgcat the Poker (Hill Orc Wanderer)                 Turns: 1343, Time: 00:04:38

Health: 0/54       AC: 22    Str: 17    XL:     4   Next: 1%
Magic:  7/7        EV:  2    Int: 10    God:
Gold:   26         SH:  0    Dex: 11    Spells: 6/7 levels left

rFire   . . .        a - +0 trident
rCold   . . .        (no shield)
rNeg    + . .        d - melded +0 leather armour
rPois   +            (helmet currently unavailable)
rElec   .            (cloak currently unavailable)
rCorr   .            (gloves currently unavailable)
SInv    .            (boots currently unavailable)
Will    .....        (no amulet)
Stlth   +            j - ring of positive energy {rN+}
HPRegen 0.29/turn    (no ring)
MPRegen 0.10/turn

%: no passive effects
@: lethally poisoned (0 -> -4), tree-form, attractive, invisible
A: stationary, stasis, torment immunity, boosted hp
a: no special abilities


You were on level 2 of the Dungeon.
You were a tree.
You visited 1 branch of the dungeon, and saw 2 of its levels.

You collected 26 gold pieces.

Inventory:

Hand Weapons
 a - a +0 trident (weapon)
Armour
 d - a +0 leather armour (melded)
Jewellery
 j - a ring of positive energy (left branch) {rN+}
   (You found it on level 2 of the Dungeon)
Wands
 b - a wand of polymorph (3)
Scrolls
 c - 2 scrolls of blinking {!r}
 f - a scroll of noise {unknown}
 i - a scroll of torment {unknown}
Potions
 e - a potion of invisibility
 h - 2 potions of attraction {!q}


   Skills:
 + Level 1.8 Fighting
 * Level 3.1(4.6) Axes
 - Level 4.3(4.7) Polearms
 + Level 1.8 Armour
 - Level 1.0 Dodging
 - Level 2.4 Spellcasting
 - Level 2.0 Evocations


You had 6 spell levels left.
You knew the following spells:

 Your Spells              Type           Power      Damage    Failure   Level
a - Summon Small Mammal   Summ           4%         N/A       30%         1

Your spell library contained the following spells:

 Spells                   Type           Power      Damage    Failure   Level
 Magic Dart               Conj           4%         1d3       30%         1
 Blink                    Tloc           2%         N/A       41%         2
 Call Imp                 Summ           2%         N/A       41%         2
 Lesser Beckoning         Tloc           2%         N/A       41%         2
 Momentum Strike          Conj/Tloc      2%         3d8       41%         2
 Mephitic Cloud           Conj/Pois/Air  1%         N/A       65%         3
 Summon Guardian Golem    Hex/Summ       1%         N/A       65%         3


Dungeon Overview and Level Annotations

Branches:
Dungeon (2/15)

Altars:

Shops:
D:2 *


Message History

You kill the goblin!
The hobgoblin hits you but does no damage.
You hit the goblin but do no damage. The goblin hits you with a +0 dagger.
The hobgoblin closely misses you.
You puncture the goblin!
You kill the goblin!
The hobgoblin barely misses you.
You hit the goblin but do no damage. The goblin closely misses you.
The hobgoblin hits you but does no damage.
You puncture the goblin!
You kill the goblin!
The hobgoblin barely misses you.
You puncture the hobgoblin!
You kill the hobgoblin!
No target in view!
No target in view!
You start resting.
HP restored.
Health restored: 29
Items here: ))))) ††.
A hobgoblin comes into view.
The hobgoblin shouts!
You reach to attack!
You barely miss the hobgoblin.
An adder comes into view.
Spoiler Alert: The adder (wandering) is fast and can poison!
You hit the hobgoblin.
You kill the hobgoblin!
You have reached level 4!
Health restored: 36; MP restored: 7 Spoiler Alert: The adder is fast and can poison!
Items here: ))))) ††.
You start waiting.
An adder is nearby!
Reach: a) +0 trident
Press: ? - help, Dir - move target, f - adder
Aim: an adder (about 65% to evade your +0 trident)
You reach to attack!
You barely miss the adder.
Spoiler Alert: The adder is fast and can poison!
You barely miss the adder. The adder barely misses you. The adder bites you.
You are poisoned.
The adder poisons you!
You take 1 damage, and have 35/36 hp.
You hit the adder but do no damage.
You feel sick. The adder closely misses you.
You take 1 damage, and have 34/36 hp.
Spoiler Alert: The adder is fast and can poison!
You miss the adder.
You feel sick. The adder barely misses you.
You barely miss the adder.
You feel sick. The adder bites you.
You are more poisoned.
The adder poisons you!
You take 4 damage, and have 30/36 hp.
You barely miss the adder.
You feel sick. The adder barely misses you. The adder closely misses you.
You take 2 damage, and have 28/36 hp.
Spoiler Alert: The adder is fast and can poison!
You hit the adder but do no damage.
You feel sick. The adder misses you.
You take 1 damage, and have 27/36 hp.
You miss the adder.
You feel sick. The adder misses you. The adder bites you.
You are more poisoned.
The adder poisons you!
You take 4 damage, and have 23/36 hp.
Spoiler Alert: The adder is fast and can poison!
You miss the adder.
You feel very sick. The adder bites you.
You take 7 damage, and have 16/36 hp.
You miss the adder.
You feel sick. The adder barely misses you.
You take 2 damage, and have 14/36 hp.
Spoiler Alert: The adder is fast and can poison!
You closely miss the adder.
You feel sick. The adder bites you but does no damage. The adder bites you.
* * * LOW HITPOINT WARNING * * *
You are more poisoned.
The adder poisons you!
You take 4 damage, and have 10/36 hp.
Spoiler Alert: The adder is fast and can poison!
You closely miss the adder.
* * * LOW HITPOINT WARNING * * *
You feel very sick. The adder closely misses you.
You take 2 damage, and have 8/36 hp.
It was a potion of attraction.
You feel attractive to monsters.
* * * LOW HITPOINT WARNING * * *
You feel sick. The adder bites you.
* * * LOW HITPOINT WARNING * * *
The adder bites you.
* * * LOW HITPOINT WARNING * * *
You take 6 damage, and have 2/36 hp.
Spoiler Alert: The adder is fast and can poison!
It was a potion of invisibility.
You fade into invisibility!
* * * LOW HITPOINT WARNING * * *
You feel sick. The adder misses you.
You take 1 damage, and have 1/36 hp.
Lua error: [string "/dgldir/rcfiles/crawl-git/Mgcat.rc"]:930: invalid capture index It was a potion of lignification.
You turn into a tree.
Your +0 leather armour melds into your body.
Your roots penetrate the ground.
You die...

.## #...## #...#... ..# ....#
#...#.. ..# .... ##..... ..##
#..##....# ...# .. #.†.#....#
...##.. ..##..S#....####..
.......#..................
.......###########)###########
....##..........♣S†......#...#
....#.................#......#
....#.................####...#
....#.............##### #...#
....#............## #...#
....#..........<.## #####
..####............##
#......∩........#..#
##############.....#


You could see an adder (unable to see you).

Vanquished Creatures
  A worm (D:2)
  A dart slug (D:1)
  4 bats (D:1)
  4 endoplasms
  5 goblins
  7 hobgoblins
  7 jackals (D:1)
  6 kobolds (D:1)
  4 quokkas (D:1)
  3 ball pythons (D:1)
  A frilled lizard (D:1)
  A rat (D:1)
44 creatures vanquished.

Notes
Turn   | Place    | Note
-------+----------+-------------------------------------------
     0 | D:1      | Mgcat the Hill Orc Wanderer began the quest for the Orb.
     0 | D:1      | Mgcat set off with the following items: a +0 trident, a
                  | wand of polymorph (3), a scroll of blinking {!r}, a +0
                  | leather armour; and the following spell memorised: Summon
                  | Small Mammal; and the following spells available to
                  | memorise: Summon Guardian Golem.
     0 | D:1      | Reached XP level 1. HP: 14/14 MP: 3/3
   125 | D:1      | Reached skill level 1 in Axes
   130 | D:1      | Reached XP level 2. HP: 17/22 MP: 5/5
   173 | D:1      | Found a faded altar of an unknown god.
   191 | D:1      | Reached skill level 1 in Fighting
   232 | D:1      | Reached skill level 1 in Armour
   238 | D:1      | Reached skill level 2 in Axes
   422 | D:1      | Reached XP level 3. HP: 28/28 MP: 6/6
  1155 | D:1      | Upgraded the game from 0.31-a0-965-g8a8ce12e04 to
                  | 0.31-a0-968-g24f9ace8b5
  1235 | D:2      | Found Dimei's General Store.
  1270 | D:2      | Reached skill level 3 in Axes
  1322 | D:2      | Reached XP level 4. HP: 36/36 MP: 7/7
  1340 | D:2      | HP: 8/36 [poisoned by an adder]
  1341 | D:2      | HP: 2/36 [adder (2)]
  1343 | D:2      | Succumbed to an adder's poison

Illustrated notes

Levels and vault maps discovered:
D:1:      kilobyte_arrival_exit_the_forest, layout_loops_ring,
          dreamdust_ecumenical_altar_statues, st_stairs_14,
          dreamdust_princess_corridor
D:2:      minmay_recursive_quarters, layout_rooms, serial_shops, shop,
          uniq_robin

Skill      XL: |  1  2  3 |
---------------+----------+-----
Axes           | 1 2 3 |  3.1
Fighting       | 1 |  1.8
Armour         | 1 |  1.8
Polearms       | |  4.3
Dodging        | |  1.0
Spellcasting   | |  2.4
Evocations     | |  2.0

Action                     |  1- 3 |  4- 6 || total
---------------------------+-------+-------++-------
  Melee: Trident           |   145 |    12 ||   157
         Punch             |     2 |       ||     2
    Use: Potion            |       |     3 ||     3
 Armour: Leather armour    |    79 |     8 ||    87
  Dodge: Dodged            |    65 |    10 ||    75

Table legend: (Time is in decaauts)
 A = Elapsed time spent in this place.
 B = Non-inter-level travel time spent in this place.
 C = Inter-level travel time spent in this place.
 D = Time resting spent in this place.
 E = Time spent auto-exploring this place.
 F = Levels seen in this place.
 G = Mean time per level.
                   A        B        C        D        E       F      G
               +--------+--------+--------+--------+--------+-----+--------+
         Total |   1363 |   1319 |     44 |    105 |    935 |   2 |  681.5 |
       Dungeon |   1363 |   1319 |     44 |    105 |    935 |   2 |  681.5 |
               +--------+--------+--------+--------+--------+-----+--------+

Top non-repeatable levels by time:
     D:1: 1146 daAuts
     D:2: 216 daAuts

Levels and vault maps discovered:
D:1:      kilobyte_arrival_exit_the_forest, layout_loops_ring,
          dreamdust_ecumenical_altar_statues, st_stairs_14,
          dreamdust_princess_corridor
D:2:      minmay_recursive_quarters, layout_rooms, serial_shops, shop,
          uniq_robin

Table legend: (Time is in decaauts)
 A = Elapsed time spent in this place.
 B = Non-inter-level travel time spent in this place.
 C = Inter-level travel time spent in this place.
 D = Time resting spent in this place.
 E = Time spent auto-exploring this place.
 F = Levels seen in this place.
 G = Mean time per level.
                   A        B        C        D        E       F      G
               +--------+--------+--------+--------+--------+-----+--------+
         Total |   1363 |   1319 |     44 |    105 |    935 |   2 |  681.5 |
       Dungeon |   1363 |   1319 |     44 |    105 |    935 |   2 |  681.5 |
               +--------+--------+--------+--------+--------+-----+--------+

Top non-repeatable levels by time:
     D:1: 1146 daAuts
     D:2: 216 daAuts

Table legend:
 A = Kills in this place as a percentage of kills in the entire game.
 B = Kills by you in this place as a percentage of kills by you in the entire game.
 C = Kills by friends in this place as a percentage of kills by friends in the entire game.
 D = Other kills in this place as a percentage of other kills in the entire game.
 E = Experience gained in this place as a percentage of experience gained in the entire game.
 F = Experience gained in this place divided by the number of levels of this place that you have seen.
                   A       B       C       D       E      F
               +-------+-------+-------+-------+-------+----------------------
         Total | 100.0 | 100.0 |   N/A |   N/A | 100.0 |  41.5
       Dungeon | 100.0 | 100.0 |   N/A |   N/A | 100.0 |  41.5
               +-------+-------+-------+-------+-------+----------------------
